 Dungeon Crawl Stone Soup version 0.31-a0-1424-g2add1c7226 (webtiles) character file.

Game seed: 11227835809326550861

12254 funkygono the Arsonist (level 11, -5/60 HPs)
             Began as a Gargoyle Fire Elementalist on Dec 4, 2023.
             Was an Elder of Vehumet.
             Slain by a two-headed ogre
             ... wielding a +0 giant club
              (18 damage)
             ... on level 11 of the Dungeon on Dec 26, 2023.
             The game lasted 00:30:02 (11762 turns).

funkygono the Arsonist (GrFE)                      Turns: 11762, Time: 00:30:03

Health: -5/60      AC: 19    Str: 11    XL:     11   Next: 90%
Magic:  29/34      EV: 18    Int: 21    God:    Vehumet [****..]
Gold:   747        SH:  0    Dex: 10    Spells: 17/30 levels left

rFire   . . .        x - +2 flail (protect)
rCold   . . .        (no shield)
rNeg    + . .        A - +0 steam dragon scales
rPois   ∞            n - +1 helmet
rElec   +            C - +0 cloak
rCorr   .            h - +2 pair of gloves
SInv    .            (no boots)
Will    .....        M - amulet of the acrobat
Stlth   ++           i - ring of magical power
HPRegen 0.30/turn    k - +5 ring of evasion
MPRegen 0.24/turn

%: acrobat
@: no status effects
A: sickness immunity, AC +8, negative energy resistance 1, electricity
resistance, torment resistance 1, petrification resistance
a: Renounce Religion


You were on level 11 of the Dungeon.
You worshipped Vehumet.
Vehumet was greatly pleased with you.
You visited 2 branches of the dungeon, and saw 12 of its levels.
You also visited: Sewer and Ossuary.

You collected 747 gold pieces.

Inventory:

Hand Weapons
 c - a +0 whip of flaming
 x - a +2 flail of protection (weapon)
 I - a +4 morningstar
 K - a +3 whip of venom
Missiles
 r - 3 throwing nets
Armour
 h - a +2 pair of gloves (worn)
 n - a +1 helmet (worn)
 y - a +2 leather armour of cold resistance
 z - a +1 scale mail of cold resistance
 A - +0 steam dragon scales (worn)
 C - a +0 cloak (worn)
Jewellery
 i - a ring of magical power (left hand)
 k - a +5 ring of evasion (right hand)
 v - a +6 ring of dexterity
 M - an amulet of the acrobat (around neck)
Wands
 a - a wand of charming (12)
 l - a wand of iceblast (15)
 w - a wand of polymorph (9)
 L - a wand of mindburst (9)
 N - a wand of digging (3)
Scrolls
 e - 5 scrolls of teleportation
 f - a scroll of fear
 p - 4 scrolls of fog
 D - 2 scrolls of vulnerability
 H - a scroll of poison
 J - a scroll of identify
 O - a scroll of enchant weapon
Potions
 b - 3 potions of magic
 d - 2 potions of attraction
 g - 7 potions of heal wounds
 j - 3 potions of might
 m - 6 potions of curing
 o - 6 potions of brilliance
 q - 5 potions of haste
 s - 4 potions of mutation
 t - a potion of invisibility
 u - a potion of lignification
 B - a potion of enlightenment
 E - 7 potions of ambrosia
 F - 10 potions of degeneration
 G - 2 potions of cancellation


   Skills:
 + Level 3.7 Fighting
 + Level 5.6 Maces & Flails
 + Level 5.0 Dodging
 + Level 4.6 Stealth
 + Level 10.4 Spellcasting
 + Level 6.3 Conjurations
 + Level 10.6 Fire Magic


You had 17 spell levels left.
You knew the following spells:

 Your Spells              Type           Power      Damage    Failure   Level
a - Foxfire               Conj/Fire      100%       2x1d9     1%          1
b - Scorch                Fire           100%       2d9       1%          2
c - Flame Wave            Conj/Fire      46%        2d12      1%          4
d - Magic Dart            Conj           100%       1d8       1%          1
e - Searing Ray           Conj           74%        2d7       1%          2
f - Mephitic Cloud        Conj/Alch/Air  19%        N/A       2%          3

Your spell library contained the following spells:

 Spells                   Type           Power      Damage    Failure   Level
 Airstrike                Air            5%         2d(1-17)  16%         4
 Inner Flame              Hex/Fire       33%        N/A       1%          3
 Volatile Blastmotes      Fire/Tloc      66%        2d15      1%          3
 Necrotise                Necr           40%        1d6       6%          1
 Ensorcelled Hibernation  Hex/Ice        20%        N/A       10%         2
 Passwall                 Alch/Erth      8%         N/A       10%         2
 Call Canine Familiar     Summ           10%        N/A       19%         3
 Fugue of the Fallen      Necr           10%        N/A       19%         3
 Sigil of Binding         Hex            10%        N/A       19%         3
 Swiftness                Air            10%        N/A       19%         3
 Vampiric Draining        Necr           10%        2d6       19%         3
 Dimensional Bullseye     Hex/Tloc       5%         N/A       52%         4
 Leda's Liquefaction      Alch/Erth      5%         N/A       52%         4
 Agony                    Necr           10%        N/A       86%         5
 Summon Hydra             Summ           5%         N/A       100%        7
 Sublimation of Blood     Necr           Unusable   N/A       N/A         2

Dungeon Overview and Level Annotations

Branches:
Dungeon (11/15)            Temple (1/1) D:4             Orc (0/2) D:10
  Sewer (visited)         Ossuary (visited)
   Lair: D:8-11

Altars:
Ashenzari
Cheibriados
Dithmenos
Elyvilon
Fedhas
Gozag
Hepliaklqana
Kikubaaqudgha
Makhleb
Nemelex Xobeh
Okawaru
Qazlal
Ru
Sif Muna
Trog
Uskayaw
Vehumet
Wu Jian
Yredelemnul
Zin
The Shining One

Shops:
D:2 (

Annotations:
D:9 2 transporters, Solx's ghost, journeyman MfGl


Innate Abilities, Weirdness & Mutations

You are immune to sickness and miasma.
Your stone body is resilient. (AC +8)
You are immune to poison.
You resist negative energy. (rN+)
You are resistant to electric shocks. (rElec)
You are resistant to unholy torment.
You are immune to petrification.


Message History

A yak comes into view.
Your foxfire dissipates!
A yak comes into view.
The two-headed ogre attacks as it pursues you!
The two-headed ogre misses you. The two-headed ogre closely misses you.
The two-headed ogre attacks as it pursues you!
The two-headed ogre completely misses you.
The two-headed ogre closely misses you.
Casting: Foxfire (safe; 1% risk of failure)
Confirm with . or Enter, or press ? or * to list all spells.
You conjure some foxfire!
The two-headed ogre hits you with a +0 giant club!
The two-headed ogre completely misses you.
Casting: Foxfire (safe; 1% risk of failure)
Confirm with . or Enter, or press ? or * to list all spells.
Flames lash the two-headed ogre.
The two-headed ogre is moderately wounded.
The two-headed ogre's fire resistance burns away.
You hear a bellow!
The foxfire hits the two-headed ogre.
The two-headed ogre is heavily wounded.
The foxfire hits the two-headed ogre but does no damage.
The two-headed ogre is heavily wounded.
The two-headed ogre hits you with a +0 giant club!
The two-headed ogre hits you but does no damage.
Casting: Scorch (safe; 1% risk of failure)
Confirm with . or Enter, or press ? or * to list all spells.
You conjure some foxfire!
Casting: Foxfire (safe; 1% risk of failure)
Confirm with . or Enter, or press ? or * to list all spells.
Flames lash the two-headed ogre.
The two-headed ogre is burned terribly!
The two-headed ogre is severely wounded.
The foxfire hits the two-headed ogre.
The two-headed ogre is burned terribly!
The two-headed ogre is almost dead.
The foxfire hits the two-headed ogre.
The two-headed ogre is burned terribly!
The two-headed ogre is almost dead.
The two-headed ogre hits you with a +0 giant club!
* * * LOW HITPOINT WARNING * * *
The two-headed ogre hits you with a +0 giant club!!
You die...

############################
............................
.####...#######Y.###........
#...# #O.# #........ #...#
#@.# #..Y.....
#...#######.§# #........
#............# #Y......#
#............# #.YY....#
#............# #.....Y.#
#........>...###..
##########........
#....####### +.......#


You could see a two-headed ogre (combustible) and a yak.

Vanquished Creatures
  2 two-headed ogres
  A cyclops (D:9)
  An ugly thing (D:10)
  Maurice (D:7)
  Maggie (D:7)
  2 unseen horrors (D:10)
  A queen bee (D:9)
  A troll (D:9)
  Grinder (D:3)
  A hornet (D:10)
  Sigmund (D:3)
  3 wyverns
  Eustachio (D:6)
  4 yaks (D:8)
  2 steam dragons
  Menkaure (D:7)
  An acid dragon (D:10)
  Edmund (D:6)
  A water moccasin (D:7)
  A swamp drake (D:10)
  Duvessa (D:5)
  5 orc warriors
  A sky beast (D:8)
  An ice beast (D:6)
  2 ogres (D:6)
  6 centaurs
  A phantom (D:4)
  3 kobold brigands
  Blork the orc (D:6)
  A weeping skull (Ossuary)
  4 bullfrogs
  2 gnoll sergeants
  2 scorpions
  4 water moccasin zombies (Ossuary)
  15 wights
  Dowan (D:5)
  36 killer bees
  A bombardier beetle (D:5)
  2 hounds
  3 jellies
  7 orc priests
  2 spectral scorpions (Ossuary)
  A gnoll bouda (D:7)
  2 sleepcaps
  3 iguanas
  10 orc wizards
  A crocodile zombie (Ossuary)
  2 mummies (Ossuary)
  Robin (D:3)
  16 gnolls
  9 adders
  3 shadow imps
  A white imp (D:5)
  6 ufetubi
  4 adder zombies (Ossuary)
  A worm (D:4)
  3 dart slugs
  47 orcs
  12 bats
  6 endoplasms
  5 giant cockroaches
  6 gnoll zombies (Ossuary)
  11 goblins
  12 hobgoblins
  5 jackals
  7 quokkas
  6 ball pythons
  5 frilled lizards
  5 jackal zombies (Ossuary)
  20 kobolds
  3 orc zombies (Ossuary)
  3 rats
345 creatures vanquished.

Vanquished Creatures (collateral kills)
  3 foxfires (Sewer)
3 creatures vanquished.

Vanquished Creatures (others)
  792 foxfires
792 creatures vanquished.

Grand Total: 1140 creatures vanquished

Notes
Turn   | Place    | Note
-------+----------+-------------------------------------------
     0 | D:1      | funkygono the Gargoyle Fire Elementalist began the quest
                  | for the Orb.
     0 | D:1      | Reached XP level 1. HP: 10/10 MP: 3/3
   197 | D:1      | Reached XP level 2. HP: 15/15 MP: 0/5
   200 | D:1      | Learned a level 2 spell: Scorch
  1015 | D:2      | Reached XP level 3. HP: 19/19 MP: 1/6
  1315 | D:2      | Upgraded the game from 0.31-a0-1118-gbca3d03946 to
                  | 0.31-a0-1134-gb247575874
  1630 | D:2      | Found Haeblik's Weapon Shoppe.
  1709 | D:2      | Reached XP level 4. HP: 24/24 MP: 8/8
  2360 | D:3      | Noticed Robin
  2383 | D:3      | Killed Robin
  2433 | D:3      | Found a broken altar of Ashenzari.
  2468 | D:3      | Noticed Sigmund
  2476 | D:3      | Killed Sigmund
  2477 | D:3      | Reached skill level 1 in Maces & Flails
  2477 | D:3      | Reached XP level 5. HP: 23/28 MP: 9/10
  2477 | D:3      | Reached XP level 6. HP: 28/33 MP: 9/11
  2555 | D:3      | Noticed Grinder
  2568 | D:3      | Killed Grinder
  2569 | D:3      | Reached skill level 1 in Fighting
  2569 | D:3      | Reached XP level 7. HP: 38/38 MP: 9/12
  2578 | D:3      | Found a glowing drain.
  2597 | Sewer    | Entered a sewer
  2836 | Sewer    | Learned a level 4 spell: Flame Wave
  2965 | Sewer    | Reached skill level 5 in Fire Magic
  3341 | D:3      | Found a glowing golden altar of the Shining One.
  4007 | D:4      | Reached XP level 8. HP: 44/44 MP: 13/15
  4555 | D:4      | Found an ornate altar of the Wu Jian Council.
  4619 | D:4      | Found a staircase to the Ecumenical Temple.
  4807 | Temple   | Entered the Ecumenical Temple
  4834 | Temple   | Became a worshipper of Vehumet
  4860 | D:4      | Upgraded the game from 0.31-a0-1134-gb247575874 to
                  | 0.31-a0-1424-g2add1c7226
  4922 | D:5      | Entered Level 5 of the Dungeon
  4966 | D:5      | Noticed Duvessa
  4980 | D:5      | Noticed Dowan
  4988 | D:5      | Killed Duvessa
  4989 | D:5      | Reached skill level 5 in Spellcasting
  4994 | D:5      | Killed Dowan
  5087 | D:5      | Found a hazy altar of Hepliaklqana.
  5818 | D:6      | Noticed Eustachio
  5823 | D:6      | Found a bloodstained altar of Trog.
  5823 | D:6      | Noticed Edmund
  5830 | D:6      | Killed Eustachio
  5841 | D:6      | Killed Edmund
  5853 | D:6      | Reached XP level 9. HP: 20/48 MP: 1/18
  5933 | D:6      | Found a sand-covered staircase.
  5938 | Ossuary  | Entered an ossuary
  6034 | Ossuary  | Reached * piety under Vehumet
  6034 | Ossuary  | Offered knowledge of Magic Dart by Vehumet.
  6166 | Ossuary  | Learned a level 1 spell: Magic Dart
  6677 | D:6      | Found a basalt altar of Yredelemnul.
  6680 | D:6      | Found a sacrificial altar of Ru.
  6817 | D:6      | Noticed Blork the orc
  6826 | D:6      | Killed Blork the orc
  6826 | D:6      | Reached ** piety under Vehumet
  6826 | D:6      | Offered knowledge of Searing Ray by Vehumet.
  7042 | D:6      | Found an opulent altar of Gozag.
  7288 | D:6      | Learned a level 2 spell: Searing Ray
  7425 | D:7      | Noticed Menkaure
  7432 | D:7      | Killed Menkaure
  7471 | D:7      | Noticed Maggie
  7490 | D:7      | Killed Maggie
  7491 | D:7      | Reached XP level 10. HP: 12/54 MP: 12/21
  7505 | D:7      | Noticed Maurice
  7650 | D:7      | Killed Maurice
  7900 | D:7      | Offered knowledge of Static Discharge by Vehumet.
  8466 | D:8      | Reached skill level 5 in Conjurations
  8477 | D:8      | Reached *** piety under Vehumet
  9076 | D:8      | Offered knowledge of Mephitic Cloud by Vehumet.
  9193 | D:8      | Learned a level 3 spell: Mephitic Cloud
  9238 | D:9      | Noticed a cyclops
  9239 | D:9      | Noticed a two-headed ogre
  9254 | D:9      | Killed a two-headed ogre
  9255 | D:9      | Reached skill level 5 in Maces & Flails
  9255 | D:9      | Reached XP level 11. HP: 21/59 MP: 24/24
  9257 | D:9      | Killed a cyclops
  9408 | D:9      | Reached **** piety under Vehumet
  9576 | D:9      | Offered knowledge of Irradiate by Vehumet.
  9673 | D:9      | Found a bloodstained altar of Trog.
  9673 | D:9      | Noticed Solx's ghost (journeyman MfGl)
  9674 | D:9      | Noticed a two-headed ogre
  9693 | D:9      | Found a transporter.
  9696 | D:9      | Noticed a two-headed ogre
  9697 | D:9      | Noticed a two-headed ogre
  9704 | D:9      | Found a transporter.
  9705 | D:9      | Noticed a tengu warrior
  9720 | D:9      | Noticed a moth of wrath
  9906 | D:9      | Reached skill level 10 in Spellcasting
 10023 | D:9      | Reached skill level 10 in Fire Magic
 10221 | D:9      | Found a shimmering blue altar of Sif Muna.
 10267 | D:10     | Entered Level 10 of the Dungeon
 10375 | D:10     | Noticed a white ugly thing
 10774 | D:10     | Found a burning altar of Makhleb.
 10885 | D:10     | Reached skill level 5 in Dodging
 10902 | D:10     | Reached ***** piety under Vehumet
 10902 | D:10     | Offered knowledge of Airstrike by Vehumet.
 11037 | D:10     | Noticed a two-headed ogre
 11046 | D:10     | Killed a two-headed ogre
 11437 | D:10     | Found a staircase to the Orcish Mines.
 11522 | D:10     | Killed a white ugly thing
 11737 | D:11     | Noticed a two-headed ogre
 11762 | D:11     | Slain by a two-headed ogre

Illustrated notes

Levels and vault maps discovered:
D:1:      reono_arrival_forest_river, layout_loops_ring
D:2:      layout_basic, serial_shops, shop
D:3:      layout_rooms, nicolae_ashenzari_skybound, tso_altar,
          portal_sewer_entry_f, nrook_mini_vaults, uniq_grinder, uniq_robin,
          uniq_sigmund
D:4:      minmay_recursive_quarters, layout_rooms,
          nicolae_wu_jian_glorious_leap, minmay_temple_entry_poolview,
          serial_curves, eino_curves_01, eino_curves_02, minmay_misc_feat_roman
D:5:      layout_basic, mainiacjoe_overflow_concentric_impassable, uniq_duvessa
D:6:      layout_loops_ring, mainiacjoe_overflow_boulevard,
          mainiacjoe_overflow_catwalk_spiral, grunt_gozag_breadcrumbs,
          enter_ossuary_5, uniq_edmund, uniq_eustachio, uniq_blork_the_orc
D:7:      layout_cave_pools, uniq_maurice, uniq_menkaure, uniq_maggie
D:8:      layout_loops_cross, tgw_xom
D:9:      layout_roguey [special_room_bee], tgw_sif,
          gammafunk_ghost_wrathful_warriors
D:10:     layout_loops_ring, lightli_temple_of_fire, erik_orc_1,
          kennysheep_potato
D:11:     minmay_ice_pillars, layout_stronghold, dpeg_lair_monsters,
          slow_altar_2
Temple:   grunt_temple_mini_profane

Skill      XL: |  1  2  3  4  5  6  7  8  9 10 11 |
---------------+----------------------------------+-----
Maces & Flails | 1 2 3 4 5 |  5.6
Dodging        | 2 3 4 5 |  5.0
Spellcasting   | 3 4 6 7 9 10 | 10.4
Conjurations   | 2 3 4 5 6 |  6.3
Fire Magic     | 4 5 6 8 9 10 | 10.6
Fighting       | 1 2 3 |  3.7
Stealth        | 3 4 |  4.6

Action                     |  1- 3 |  4- 6 |  7- 9 | 10-12 || total
---------------------------+-------+-------+-------+-------++-------
  Melee: Unarmed           |    11 |       |       |       ||    11
         Whip              |    14 |    34 |   189 |       ||   237
         Punch             |       |       |     5 |       ||     5
         Flail             |       |       |     6 |   122 ||   128
   Cast: Foxfire           |    51 |    21 |   215 |   177 ||   464
         Scorch            |     1 |     5 |    88 |    52 ||   146
         Flame Wave        |       |       |     1 |    27 ||    28
         Magic Dart        |       |       |       |     1 ||     1
    Use: Scroll            |       |       |    15 |     6 ||    21
         Potion            |       |       |     1 |       ||     1
 Armour: Robe              |    15 |    20 |    57 |       ||    92
         Steam dragon scal |       |       |    65 |   165 ||   230
  Dodge: Dodged            |    31 |    37 |   205 |   290 ||   563

Table legend: (Time is in decaauts)
 A = Elapsed time spent in this place.
 B = Non-inter-level travel time spent in this place.
 C = Inter-level travel time spent in this place.
 D = Time resting spent in this place.
 E = Time spent auto-exploring this place.
 F = Levels seen in this place.
 G = Mean time per level.
                   A        B        C        D        E       F      G
               +--------+--------+--------+--------+--------+-----+--------+
         Total |  11831 |  11455 |    376 |    247 |   8724 |  14 |  845.1 |
       Dungeon |  10612 |  10259 |    353 |    247 |   7914 |  11 |  964.7 |
        Temple |     50 |     27 |     23 |      0 |      0 |   1 |   50.0 |
         Sewer |    626 |    626 |      0 |      0 |    435 |   1 |  626.0 |
       Ossuary |    542 |    542 |      0 |      0 |    374 |   1 |  542.0 |
               +--------+--------+--------+--------+--------+-----+--------+

Top non-repeatable levels by time:
    D:10: 1269 daAuts
     D:2: 1235 daAuts
     D:4: 1235 daAuts
     D:9: 1211 daAuts
     D:6: 1043 daAuts
     D:1: 1014 daAuts
     D:8: 939 daAuts
     D:5: 894 daAuts
     D:7: 863 daAuts
     D:3: 818 daAuts
   Sewer: 626 daAuts
 Ossuary: 542 daAuts
    D:11: 87 daAuts
  Temple: 50 daAuts
